 Dungeon Crawl Stone Soup version 0.16.1-51-g6203257 (webtiles) character file.

184847 Miyamura the Fighter (level 17, -31/146 (154) HPs)
             Began as a Yellow Draconian Conjurer on July 14, 2015.
             Was the Champion of Vehumet.
             Killed from afar by Roxanne (67 damage)
             ... with a crystal spear
             ... on level 2 of the Spider Nest on July 15, 2015.
             The game lasted 03:54:01 (56788 turns).

Miyamura the Fighter (Yellow Draconian Conjurer)   Turns: 56788, Time: 03:54:01

HP:   -31/146 (154) AC: 17    Str: 12    XL:     17   Next: 40%
MP:   36/36         EV: 18    Int: 21    God:    Vehumet [******]
Gold: 1578          SH: 13    Dex: 12    Spells: 10 memorised, 6 levels left

rFire  . . .     SeeInvis .     r - +4 war axe (flame)
rCold  . . .     Clarity  .     (armour unavailable)
rNeg   + . .     SustAb   .     q - +2 shield {reflect}
rPois  +         Gourm    .     (helmet restricted)
rElec  +         Spirit   .     x - +2 cloak
rCorr  +         Warding  +     Q - +1 pair of gloves {archery}
rMut   .         Stasis   .     e - +2 pair of boots
MR     +....                    p - amulet of warding
Stlth  ++........               F - ring of poison resistance
                                b - +3 ring of slaying

@: somewhat resistant to hostile enchantments, unstealthy
A: spit acid, acid resistance, unfitting armour, antennae 1, claws 1, stinger 1,
blurry vision 1, breathe flames 1, deformed body, dopey 1, regeneration 1,
electricity resistance, strong 1, acidic bite, cold-blooded, AC +9
a: Spit Acid, Renounce Religion, Breathe Fire
}: 1/15 runes: decaying


You were on level 2 of the Spider Nest.
You worshipped Vehumet.
Vehumet was exalted by your worship.
You were not hungry.

You visited 6 branches of the dungeon, and saw 35 of its levels.
You also visited: Labyrinth, Sewer and Ice Cave.

You collected 4071 gold pieces.
You spent 2493 gold pieces at shops.

Inventory:

Hand weapons
 r - a +4 war axe of flaming (weapon)
 t - a +2 whip of freezing
 V - the +6 shillelagh "Devastator" {shatter}
   (You found it on level 4 of the Orcish Mines)
Armour
 e - a +2 pair of boots (worn)
 q - a +2 shield of reflection (worn)
 x - a +2 cloak (worn)
 Q - a +1 pair of gloves of archery (worn)
Jewellery
 a - an uncursed amulet of stasis
 b - a +3 ring of slaying (left hand)
 l - an uncursed ring of fire
 p - an amulet of warding (around neck)
 v - a cursed ring of sustain abilities
 w - an uncursed ring of protection from magic
 B - an uncursed ring of protection from cold
 D - an uncursed ring of wizardry
 F - a ring of poison resistance (right hand)
 S - an uncursed ring of flight
Magical devices
 u - a wand of teleportation (5)
 y - a wand of digging (7)
 G - a wand of fireball (4)
 J - a wand of paralysis (8)
 K - a wand of heal wounds (3)
 O - a wand of slowing (20)
Scrolls
 c - a scroll of magic mapping
 h - 11 scrolls of teleportation
 j - 15 scrolls of remove curse
 k - 2 scrolls of fear
 z - 3 scrolls of fog
 R - 5 scrolls of identify
Potions
 f - 4 potions of brilliance
 g - 2 potions of cure mutation
 i - a potion of might
 m - 6 potions of restore abilities
 A - a potion of flight
 L - a potion of cancellation
Books
 I - a book of Transfigurations

   Spells                             Type                      Level
   a - Stoneskin                      Transmutation/Earth          2
   b - Irradiate                      Conjuration/Transmutation    5
   c - Statue Form                    Transmutation/Earth          6
   d - Hydra Form                     Transmutation                6
   e - Dragon Form                    Transmutation                7
Miscellaneous
 H - a phial of floods
 P - a sack of spiders
 W - a crystal ball of energy
 Y - a box of beasts
Comestibles
 n - 15 fruits
 s - 25 beef jerkies


   Skills:
 - Level 14.9 Fighting
 - Level 12.8 Axes
 - Level 1.4(8.5) Maces & Flails
 - Level 13.0 Dodging
 - Level 1.7 Stealth
 + Level 10.3 Shields
 - Level 12.0 Spellcasting
 - Level 13.8 Conjurations
 - Level 5.7 Poison Magic


You had 6 spell levels left.
You knew the following spells:

 Your Spells              Type           Power        Failure   Level  Hunger
a - Freeze                Ice            ##..         3%          1    None
b - Blink                 Tloc           N/A          14%         2    None
c - Mephitic Cloud        Conj/Pois/Air  #####...     1%          3    None
d - Magic Dart            Conj           ####         1%          1    None
e - Poison Arrow          Conj/Pois      ######....   9%          6    #####..
f - Searing Ray           Conj           ######       1%          2    None
i - Iron Shot             Conj/Erth      #####.....   41%         6    #####..
l - Lightning Bolt        Conj/Air       #####.....   4%          5    ####...
m - Iskenderun's Mystic   Conj           ######..     1%          4    None
s - Sticky Flame          Conj/Fire      #####...     2%          4    None


Dungeon Overview and Level Annotations

Branches:
Dungeon (15/15)            Temple (1/1) D:6            Lair (8/8) D:9
  Swamp (5/5) Lair:5       Spider (2/5) Lair:3        Slime (0/6) Lair:6
    Orc (4/4) D:9             Elf (0/3) Orc:4        Vaults (0/5) D:13
 Depths (0/5) D:15

Altars:
Ashenzari
Cheibriados
Dithmenos
Elyvilon
Fedhas
Gozag
Kikubaaqudgha
Makhleb
Nemelex Xobeh
Okawaru
Qazlal
Ru
Sif Muna
Trog
Vehumet
Xom
Yredelemnul
The Shining One
Beogh
Jiyva
Lugonu

Shops:
D:9 =*!%   D:14 ?   Orc:2 *   Orc:4 :*[

Portals:
Trove: D:12 (give 13 scrolls of teleportation)

Annotations:
D:1 Ijyb
D:3 Natasha
D:4 Scuka's ghost, average DrTm
Lair:3 exclusion: 3 oklob plants
Spider:1 Scuka's ghost, mighty GrFi
Spider:2 exclusion: Roxanne, Roxanne


Innate Abilities, Weirdness & Mutations

You can spit globs of acid.
You can corrode armour when you spit acid.
You are resistant to acid.
Your golden yellow scales are hard (AC +9).
Your body does not fit into most forms of armour.
You have acidic saliva.
Your cold-blooded metabolism reacts poorly to cold.
You have a pair of small antennae on your head.
You have sharp fingernails.
Your tail ends in a poisonous barb.
Scrolls take you a little longer to read.
You can breathe flames.
Your body is misshapen.
You are dopey. (Int -2)
Your natural rate of healing is unusually fast.
You are resistant to electric shocks.
Your muscles are strong. (Str +2)


Message History

Roxanne is severely damaged.
Roxanne casts a spell.
The bolt of magma hits you!
You hit Roxanne.
Roxanne is severely damaged.
Roxanne casts a spell.
The crystal spear hits you!
You slash Roxanne!
Roxanne is almost destroyed.
Roxanne mumbles some strange words.
The orb of energy hits you!
* * * LOW HITPOINT WARNING * * *
The orb of energy explodes!
You are too injured to fight recklessly!
You are too injured to fight recklessly!
You hit Roxanne.
Roxanne is almost destroyed.
Roxanne mumbles some strange words.
The crystal spear hits you!
You die...

............#≈..#
..............?..#
.................#
..................#
........^...$.^..[.####
.......................##
........................≈#
.........8..............##
.........@.............≈#
..................<.##.≈##
.....................####
...............?......#
....................≈#
.....................#
$...............######
..^.............
..........(....


You could see Roxanne.

Vanquished Creatures
  A thorn hunter (Swamp:4)
  Frances (Swamp:3)
  Donald (Swamp:2)
  Wiglaf (Swamp:5)
  Aizul (Swamp:1)
  A dire elephant (Lair:5)
  Snorg (Swamp:1)
  3 vault guards (D:13)
  An ettin (D:14)
  A fire dragon (D:15)
  A minotaur (Lab)
  18 hydras
  2 ice dragons (IceCv)
  2 ghost crabs (Swamp:5)
  Erica (Lair:6)
  An ogre mage (D:13)
  6 alligators
  3 centaur warriors
  4 death yaks (Lair:7)
  4 tengu warriors (D:15)
  5 orc high priests (Orc:4)
  Erolcha (D:8)
  2 skeletal warriors
  A spriggan druid (Swamp:4)
  6 hill giants
  A necromancer (D:15)
  A flayed ghost (D:15)
  A lindwurm (Lair:4)
  A shambling mangrove (Swamp:5)
  2 ice statues (IceCv)
  A wizard (D:14)
  11 orc knights
  An unseen horror (D:13)
  2 spectral hydras (Swamp:5)
  Pikel (D:6)
  A wolf spider zombie (D:15)
  2 orb spiders (Spider:1)
  14 ugly things
  3 manticores
  A griffon (D:15)
  2 wolf spiders (Spider:1)
  A stone giant zombie (D:15)
  4 black mambas
  5 cyclopes
  22 elephants
  4 oklob plants
  Maurice (Orc:2)
  A fire giant skeleton (D:15)
  A frost giant skeleton (D:15)
  4 gargoyles
  Psyche (Orc:4)
  A kobold demonologist (D:13)
  25 spiny frogs
  5 swamp worm zombies (Swamp:5)
  2 yaktaurs
  17 komodo dragons
  4 fire drakes
  A freezing wraith (D:15)
  A demonic crawler (Spider:1)
  3 trolls
  4 giant leeches
  2 raiju (Lair:8)
  A tengu conjurer (D:13)
  3 hydra zombies (Swamp:5)
  A two-headed ogre (D:10)
  Sonja (Orc:2)
  4 baby alligators (Swamp:3)
  10 polar bears
  30 slime creatures
  Grinder (D:6)
  Prince Ribbit (D:4)
  13 blink frogs
  A snapping turtle (shapeshifter) (D:14)
  A jumping spider (Lair:3)
  2 spectral swamp dragons (Swamp:5)
  12 ravens
  A harpy skeleton (D:15)
  16 bog bodies
  A redback (Spider:1)
  5 alligator zombies (Swamp:5)
  3 spriggans
  2 basilisks
  3 trapdoor spiders
  A spriggan (shapeshifter) (D:15)
  9 wyverns
  44 yaks
  A tarantella (Spider:1)
  5 shadows
  7 deep elf magi
  A steam dragon (Lair:5)
  An elf skeleton (D:15)
  3 hungry ghosts
  A deep elf fighter (D:13)
  36 wolves
  22 vampire mosquitoes
  9 insubstantial wisps (Swamp:5)
  Edmund (D:5)
  11 hippogriffs
  Menkaure (D:6)
  17 wargs
  33 orc warriors
  3 hell hounds (Lair:8)
  32 swamp worms
  28 water moccasins
  11 porcupines
  30 ice beasts
  A necrophage (D:4)
  4 wasps
  5 sky beasts
  4 swamp dragon zombies (Swamp:5)
  13 black bears
  3 phantoms
  9 swamp drakes
  2 eyes of draining
  21 centaurs
  16 crocodiles
  Sigmund (D:7)
  3 big kobolds (Sewer)
  Duvessa (D:5)
  5 ogres
  22 giant frogs
  A wyvern zombie (D:13)
  11 scorpions
  6 wights
  A wyvern skeleton (D:13)
  7 killer bees
  3 electric eels
  3 vampire bats (D:5)
  Dowan (D:5)
  4 crimson imps
  4 goliath beetles
  2 jellies (D:5)
  2 centaur zombies
  A giant frog zombie (D:9)
  19 hounds
  4 quasits
  2 giant frog skeletons
  36 orc wizards
  8 hell rats
  2 spectral swamp drakes (Swamp:5)
  7 centaur skeletons
  Natasha (twice) (D:3)
  33 orc priests
  19 worker ants
  16 iguanas
  19 sheep
  2 hound skeletons
  A mummy (D:13)
  99 river rats
  3 gnolls (Orc:2)
  2 shadow imps
  2 swamp drake zombies (Swamp:5)
  38 adders
  2 giant mites (D:3)
  12 white imps (Orc:2)
  11 worms
  An adder zombie (D:9)
  2 adder skeletons
  7 giant geckos
  5 oozes
  211 orcs
  3 bat skeletons
  4 bat zombies (D:5)
  4 giant cockroaches
  22 goblins
  21 hobgoblins
  15 jackals
  19 quokkas
  8 ball pythons
  20 bats
  A giant gecko skeleton (D:4)
  6 giant newts
  A jackal zombie (D:5)
  11 kobolds
  A kobold skeleton (D:9)
  24 rats
  2 ballistomycetes (D:9)
  A bush (Lair:7)
  8 fungi
  7 plants
1541 creatures vanquished.

Vanquished Creatures (others)
  A slave (D:6)
  A phantom (Swamp:5)
  A giant frog (D:6)
  An adder skeleton (D:5)
  A giant gecko (D:6)
  2 orcs
  A hobgoblin (D:6)
  2 giant spores
  A rat (D:6)
  45 fungi
  32 plants
88 creatures vanquished.

Grand Total: 1629 creatures vanquished

Notes
Turn   | Place    | Note
--------------------------------------------------------------
     0 | D:1      | Miyamura, the Draconian Conjurer, began the quest for the Orb.
     0 | D:1      | Reached XP level 1. HP: 14/14 MP: 3/3
   573 | D:1      | Reached skill level 1 in Fighting
   574 | D:1      | Reached XP level 2. HP: 14/23 MP: 2/4
  1414 | D:2      | Noticed Ijyb
  1793 | D:2      | Found a stormy altar of Qazlal.
  1898 | D:2      | Reached XP level 3. HP: 27/29 MP: 6/6
  2704 | D:2      | Reached XP level 4. HP: 35/37 MP: 4/8
  2716 | D:2      | Learned a level 4 spell: Iskenderun's Mystic Blast
  3070 | D:3      | Found a glowing drain.
  3083 | Sewer    | Entered a sewer
  3717 | Sewer    | Noticed a big kobold
  3749 | Sewer    | Killed a big kobold
  3749 | Sewer    | Reached XP level 5. HP: 36/44 MP: 1/10
  3837 | Sewer    | Reached skill level 5 in Conjurations
  4059 | Sewer    | Noticed a big kobold
  4109 | Sewer    | Killed a big kobold
  4109 | Sewer    | Reached XP level 6. HP: 39/51 MP: 0/12
  4235 | Sewer    | Noticed a big kobold
  4303 | Sewer    | Killed a big kobold
  4643 | D:3      | Found a sacrificial altar of Ru.
  4650 | D:3      | Noticed Natasha
  4659 | D:3      | Killed Natasha
  4719 | D:3      | You fall through a shaft for 3 floors!
  4731 | D:6      | Noticed Menkaure
  4777 | D:6      | HP: 1/52 [centaur skeleton (7)]
  4782 | D:6      | HP: 1/52 [centaur skeleton (1)]
  4788 | D:5      | Entered Level 5 of the Dungeon
  5292 | D:5      | Noticed Edmund
  5324 | D:5      | Your scales start taking on a golden yellow colour.
  5324 | D:5      | Reached XP level 7. HP: 43/59 MP: 15/15
  5537 | D:4      | Found a glowing golden altar of the Shining One.
  6407 | D:3      | Noticed Natasha
  6414 | D:3      | Killed Natasha
  6783 | D:3      | Noticed Natasha
  6939 | D:4      | Reached skill level 1 in Axes
  6949 | D:4      | Noticed Prince Ribbit
  6966 | D:4      | Killed Prince Ribbit
  6966 | D:4      | Reached skill level 6 in Conjurations
  7184 | D:4      | Reached skill level 5 in Fighting
  7184 | D:4      | Reached XP level 8. HP: 54/66 MP: 15/18
  7812 | D:4      | Noticed Scuka's ghost (average DrTm)
  7829 | D:5      | Noticed Grinder
  7837 | D:5      | Paralysed by Grinder for 5 turns
  7908 | D:5      | Noticed Dowan
  7911 | D:5      | Noticed Duvessa
  7922 | D:5      | Killed Duvessa
  7925 | D:5      | Killed Dowan
  8187 | D:5      | Killed Edmund
  8528 | D:5      | Found an ancient bone altar of Kikubaaqudgha.
  8533 | D:5      | Reached skill level 5 in Dodging
  8687 | D:5      | Found a shimmering altar of Xom.
  8722 | D:5      | Reached skill level 5 in Spellcasting
  8803 | D:6      | Killed Menkaure
  8855 | D:6      | Paralysed by Grinder for 2 turns
  8858 | D:6      | Killed Grinder
  8858 | D:6      | Reached XP level 9. HP: 58/75 MP: 21/21
  8986 | D:6      | Noticed Pikel
  9003 | D:6      | Killed Pikel
  9003 | D:6      | Reached skill level 7 in Conjurations
  9596 | D:6      | Found a staircase to the Ecumenical Temple.
  9674 | Temple   | Entered the Ecumenical Temple
  9883 | D:7      | Noticed Sigmund
  9893 | D:7      | Killed Sigmund
 10743 | D:7      | Reached skill level 5 in Axes
 11689 | D:8      | Found a glowing golden altar of the Shining One.
 11756 | D:8      | Found a shadowy altar of Dithmenos.
 12233 | D:8      | Reached XP level 10. HP: 75/84 MP: 24/24
 12301 | D:8      | Found a shadowy altar of Dithmenos.
 12301 | D:8      | Found a basalt altar of Yredelemnul.
 12378 | D:8      | Noticed Erolcha
 12390 | D:8      | Killed Erolcha
 12390 | D:8      | Reached skill level 8 in Conjurations
 12434 | D:8      | Found a radiant altar of Vehumet.
 12437 | D:8      | Became a worshipper of Vehumet
 12698 | D:9      | Found Klaotochown's Jewellery Boutique.
 12723 | D:9      | Bought an uncursed ring of poison resistance for 220 gold pieces
 12915 | D:9      | Found an opulent altar of Gozag.
 12916 | D:9      | Found a sparkling altar of Nemelex Xobeh.
 12931 | D:9      | Found Nixeazxee's Distillery.
 12934 | D:9      | Bought a potion of curing for 30 gold pieces
 12934 | D:9      | Bought a potion of invisibility for 80 gold pieces
 12934 | D:9      | Bought a potion of curing for 30 gold pieces
 12936 | D:9      | Found Viegit's General Store.
 13191 | D:9      | Gained mutation: Your natural rate of healing is unusually fast. [mutagenic meat]
 13192 | D:9      | Gained mutation: Your magical capacity is low (-10% MP). [mutagenic meat]
 13316 | D:9      | Acquired Vehumet's first power
 13316 | D:9      | Offered knowledge of Flame Tongue by Vehumet.
 13319 | D:9      | Learned a level 1 spell: Flame Tongue
 13320 | D:9      | Bought a scroll of identify for 30 gold pieces
 13320 | D:9      | Bought a scroll of remove curse for 45 gold pieces
 13328 | D:9      | Found a staircase to the Orcish Mines.
 13343 | D:9      | Found a snail-covered altar of Cheibriados.
 13529 | D:9      | Found a staircase to the Lair.
 13530 | D:9      | Noticed an elephant
 13757 | D:9      | Paralysed by a crimson imp for 4 turns
 13796 | D:9      | Killed an elephant
 13869 | D:9      | Found Grutin's Food Boutique.
 13997 | D:9      | Found a blossoming altar of Fedhas.
 14067 | Lair:1   | Entered Level 1 of the Lair of Beasts
 14450 | Lair:2   | Offered knowledge of Freeze by Vehumet.
 14459 | Lair:2   | Learned a level 1 spell: Freeze
 14793 | Lair:2   | Reached XP level 11. HP: 46/93 MP: 23/23
 15012 | Lair:2   | Noticed an eight-headed hydra
 15150 | Lair:1   | Reached skill level 9 in Conjurations
 15164 | Lair:1   | Noticed a seven-headed hydra
 15170 | Lair:1   | Killed a seven-headed hydra
 15307 | Lair:1   | Offered knowledge of Inner Flame by Vehumet.
 15514 | Lair:1   | Noticed a black mamba
 15533 | Lair:1   | Killed a black mamba
 15728 | Lair:1   | Acquired Vehumet's second power
 15754 | Lair:1   | Noticed a five-headed hydra
 15763 | Lair:1   | Killed a four-headed hydra
 15993 | Lair:1   | Learned a level 5 spell: Iskenderun's Battlesphere
 16395 | Lair:2   | Offered knowledge of Sticky Flame by Vehumet.
 16402 | Lair:2   | Learned a level 4 spell: Sticky Flame
 16813 | Lair:2   | Noticed a six-headed hydra
 17103 | Lair:2   | Killed an eight-headed hydra
 17209 | Lair:1   | Killed a six-headed hydra
 17482 | Lair:3   | Reached skill level 10 in Fighting
 17516 | Lair:2   | Acquired Vehumet's third power
 17753 | Lair:2   | Offered knowledge of Mephitic Cloud by Vehumet.
 17764 | Lair:2   | Learned a level 3 spell: Mephitic Cloud
 17890 | Lair:3   | Reached XP level 12. HP: 87/104 MP: 25/25
 17968 | Lair:3   | Noticed an eight-headed hydra
 17973 | Lair:3   | Killed an eight-headed hydra
 18003 | Lair:3   | Reached skill level 10 in Conjurations
 18305 | Lair:3   | Noticed a four-headed hydra
 18311 | Lair:3   | Killed a four-headed hydra
 18424 | Lair:3   | Learned a level 5 spell: Venom Bolt
 19256 | Lair:3   | Reached skill level 11 in Fighting
 19408 | Lair:3   | Offered knowledge of Lightning Bolt by Vehumet.
 19417 | Lair:3   | Learned a level 5 spell: Lightning Bolt
 19492 | Lair:3   | Found a hole to the Spider Nest.
 19649 | Lair:4   | Noticed an eight-headed hydra
 19670 | Lair:4   | Killed an eight-headed hydra
 20257 | Lair:4   | Offered knowledge of Conjure Ball Lightning by Vehumet.
 20262 | Lair:4   | Reached XP level 13. HP: 96/114 MP: 27/27
 21069 | Lair:5   | Noticed a dire elephant
 21342 | Lair:5   | Killed a dire elephant
 22111 | Lair:5   | Reached skill level 10 in Dodging
 22133 | Lair:5   | Reached skill level 10 in Spellcasting
 22694 | Lair:5   | Found a staircase to the Swamp.
 23085 | Lair:5   | Reached skill level 10 in Axes
 23375 | Lair:6   | Found a labyrinth entrance.
 23381 | Lab      | Entered a labyrinth
 23439 | Lab      | Reached skill level 12 in Fighting
 23759 | Lab      | Identified Thrichoc's Almanac of Beguiling
 23962 | Orc:1    | Entered Level 1 of the Orcish Mines
 23968 | Orc:1    | Offered knowledge of Lee's Rapid Deconstruction by Vehumet.
 24366 | Orc:2    | Found Hannamed's General Store.
 24375 | Orc:2    | Bought a scroll of enchant weapon for 97 gold pieces
 24658 | Orc:2    | Found a frozen archway.
 24674 | IceCv    | Entered an ice cave
 25507 | IceCv    | Gained mutation: You have acidic saliva. [draconian growth]
 25507 | IceCv    | Reached XP level 14. HP: 96/124 MP: 16/28
 25826 | Orc:2    | Noticed Sonja
 25830 | Orc:2    | Killed Sonja
 26127 | Orc:2    | Noticed Maurice
 26130 | Orc:2    | Offered knowledge of Ignite Poison by Vehumet.
 26167 | Orc:2    | Killed Maurice
 27119 | Orc:4    | Entered Level 4 of the Orcish Mines
 27302 | Orc:4    | Noticed Psyche
 27307 | Orc:4    | Killed Psyche
 27352 | Orc:4    | Offered knowledge of Poisonous Cloud by Vehumet.
 27475 | Orc:4    | Found a staircase to the Elven Halls.
 27513 | Orc:4    | Found a roughly hewn altar of Beogh.
 28197 | Orc:4    | Reached skill level 1 in Maces & Flails
 29643 | Orc:4    | Offered knowledge of Iron Shot by Vehumet.
 30093 | Orc:4    | Learned a level 6 spell: Iron Shot
 30287 | Orc:4    | Found Theevoit's Antique Armour Boutique.
 30288 | Orc:4    | Found Petzan's Book Boutique.
 30288 | Orc:4    | Found Lavvy's Assorted Antiques.
 30365 | Orc:4    | Found Uduwk's Gadget Boutique.
 30373 | Orc:4    | Bought a scroll of identify for 64 gold pieces
 30373 | Orc:4    | Bought a short ivory wand for 128 gold pieces
 30373 | Orc:4    | Bought a scroll of blinking for 240 gold pieces
 30376 | Orc:4    | Bought a book of the Earth for 845 gold pieces
 30376 | Orc:4    | Bought a book of Minor Magic for 260 gold pieces
 30380 | Orc:4    | Learned a level 2 spell: Blink
 30722 | Lair:6   | Found a viscous altar of Jiyva.
 30722 | Lair:6   | Found a staircase to the Slime Pits.
 30731 | Lair:6   | Noticed Erica
 31848 | Lair:6   | Reached skill level 13 in Fighting
 32188 | Lair:7   | Offered knowledge of Poison Arrow by Vehumet.
 32203 | Lair:7   | Learned a level 6 spell: Poison Arrow
 33397 | Lair:8   | Entered Level 8 of the Lair of Beasts
 33503 | Lair:8   | Found a burning altar of Makhleb.
 33658 | Lair:8   | Gained mutation: You have large cloven feet. [potion of beneficial mutation]
 33756 | Lair:8   | Found an iron altar of Okawaru.
 33767 | Lair:8   | Offered knowledge of Lehudib's Crystal Spear by Vehumet.
 33767 | Lair:8   | Offered knowledge of Fire Storm by Vehumet.
 33767 | Lair:8   | Offered knowledge of Glaciate by Vehumet.
 34307 | Lair:8   | Reached XP level 15. HP: 121/134 MP: 30/30
 35144 | Lair:6   | Killed Erica
 35300 | D:10     | Entered Level 10 of the Dungeon
 36670 | D:11     | Got a crystal trident
 36671 | D:11     | Identified the -1 trident "Gomexkif" {venom, rC- MP+9 Str+2} (You found it on level 11 of the Dungeon)
 38471 | D:12     | Gained mutation: Your body is misshapen. [mutagenic meat]
 38832 | D:12     | Found a portal to a secret trove of treasure.
 39493 | D:13     | Reached skill level 1 in Poison Magic
 40553 | D:13     | Reached skill level 14 in Fighting
 40945 | D:13     | Found a gate to the Vaults.
 41084 | D:14     | Found Nohesiuh's Magic Scroll Emporium.
 41093 | D:14     | Bought a scroll of amnesia for 56 gold pieces
 41093 | D:14     | Bought a scroll of teleportation for 48 gold pieces
 41093 | D:14     | Bought a scroll of teleportation for 48 gold pieces
 41093 | D:14     | Bought a scroll of teleportation for 48 gold pieces
 41093 | D:14     | Bought a scroll of identify for 32 gold pieces
 41093 | D:14     | Bought a scroll of identify for 32 gold pieces
 41093 | D:14     | Bought a scroll of identify for 32 gold pieces
 41093 | D:14     | Bought 3 scrolls of identify for 96 gold pieces
 41093 | D:14     | Bought a scroll of identify for 32 gold pieces
 41373 | D:14     | Gained mutation: Your tail ends in a poisonous barb. [mutagenic meat]
 41374 | D:14     | Gained mutation: You are weak. (Str -2) [mutagenic meat]
 41375 | D:14     | Gained mutation: You are dopey. (Int -2) [mutagenic meat]
 41376 | D:14     | Lost mutation: Your magical capacity is low (-10% MP). [mutagenic meat]
 41388 | D:14     | Gained mutation: Your magical capacity is low (-10% MP). [mutagenic meat]
 41390 | D:14     | Gained mutation: You are resistant to electric shocks. [mutagenic meat]
 41391 | D:14     | Lost mutation: Your magical capacity is low (-10% MP). [mutagenic meat]
 41392 | D:14     | Lost mutation: You are weak. (Str -2) [mutagenic meat]
 42660 | D:14     | Gained mutation: Your spells are a little harder to cast, but a little more powerful. [mutagenic meat]
 42676 | D:15     | Entered Level 15 of the Dungeon
 42685 | D:15     | Reached XP level 16. HP: 66/144 MP: 35/35
 43431 | D:15     | Found a staircase to the Depths.
 43761 | D:15     | Gained mutation: You can breathe flames. [mutagenic meat]
 43762 | D:15     | Lost mutation: You have large cloven feet. [mutagenic meat]
 43763 | D:15     | Gained mutation: You have a pair of small antennae on your head. [mutagenic meat]
 43764 | D:15     | Gained mutation: Scrolls take you a little longer to read. [mutagenic meat]
 43765 | D:15     | Gained mutation: Your muscles are strong. (Str +2) [mutagenic meat]
 43767 | D:15     | Lost mutation: Your spells are a little harder to cast, but a little more powerful. [mutagenic meat]
 43768 | D:15     | Gained mutation: You have sharp fingernails. [mutagenic meat]
 45789 | Lair:1   | Learned a level 2 spell: Searing Ray
 45859 | Spider:1 | Entered Level 1 of the Spider Nest
 45981 | Spider:1 | Noticed Scuka's ghost (mighty GrFi)
 46821 | Spider:1 | Reached skill level 5 in Poison Magic
 47069 | Swamp:1  | Entered Level 1 of the Swamp
 47797 | Swamp:2  | Noticed Aizul
 47896 | Swamp:2  | Noticed Snorg
 47911 | Swamp:1  | Killed Aizul
 48192 | Swamp:1  | Killed Snorg
 48699 | Swamp:2  | Noticed Donald
 49764 | Swamp:2  | Killed Donald
 49968 | Swamp:3  | Reached skill level 1 in Shields
 50075 | Swamp:3  | Noticed Frances
 50088 | Swamp:3  | Killed Frances
 51299 | Swamp:4  | Reached skill level 5 in Shields
 52224 | Swamp:4  | Reached XP level 17. HP: 103/153 MP: 36/36
 52938 | Swamp:5  | Entered Level 5 of the Swamp
 52961 | Swamp:5  | Noticed Wiglaf
 53178 | Swamp:5  | HP: 3/153 [four-headed hydra (6)]
 53824 | Swamp:5  | Killed Wiglaf
 55262 | Swamp:5  | Noticed a bone dragon
 55791 | Swamp:5  | Reached skill level 10 in Shields
 55935 | Swamp:5  | Got a decaying rune of Zot
 56737 | Spider:1 | You fall through a shaft!
 56737 | Spider:2 | Noticed Roxanne
 56788 | Spider:2 | Killed from afar by Roxanne

Action                   |  1- 3 |  4- 6 |  7- 9 | 10-12 | 13-15 | 16-18 || total
-------------------------+-------+-------+-------+-------+-------+-------++-------
Melee: Unarmed           |   285 |     8 |       |       |       |       ||   293
       Mace              |       |   150 |   141 |       |       |       ||   291
       War axe           |       |       |   417 |   860 |  2013 |  1192 ||  4482
       Shillelagh        |       |       |       |       |   109 |       ||   109
 Cast: Magic Dart        |    52 |   133 |     8 |    10 |       |       ||   203
       Iskenderun's Myst |       |     5 |    17 |    31 |     2 |    23 ||    78
       Sticky Flame      |       |       |       |    40 |   117 |    45 ||   202
       Iskenderun's Batt |       |       |       |     4 |       |       ||     4
       Lightning Bolt    |       |       |       |     7 |    47 |    22 ||    76
       Mephitic Cloud    |       |       |       |     6 |     1 |     1 ||     8
       Venom Bolt        |       |       |       |       |    30 |       ||    30
       Poison Arrow      |       |       |       |       |    20 |    53 ||    73
       Iron Shot         |       |       |       |       |       |     3 ||     3
       Blink             |       |       |       |       |       |     1 ||     1
 Abil: Spit Acid         |       |       |    16 |    36 |    55 |    21 ||   128
       Evoke Flight      |       |       |       |       |       |     1 ||     1
Evoke: Wand              |       |       |       |    12 |    16 |    40 ||    68
       Phial of floods   |       |       |       |       |       |     1 ||     1
       Phantom mirror    |       |       |       |       |       |     1 ||     1
  Use: Scroll            |     8 |     6 |     6 |    11 |    30 |    21 ||    82
       Potion            |     2 |     3 |     2 |     9 |    10 |     2 ||    28
 Stab: Sleeping          |       |     1 |    21 |     4 |     4 |       ||    30
       Paralysed         |       |       |       |     8 |       |       ||     8
       Confused          |       |       |       |     9 |       |     1 ||    10
       Distracted        |       |       |       |       |     2 |       ||     2
       Fleeing           |       |       |       |       |     1 |       ||     1
  Eat: Chunk             |     6 |     7 |    30 |    44 |   102 |    41 ||   230
       Bread ration      |       |     1 |       |       |       |     3 ||     4
       Fruit             |       |       |       |     1 |     1 |     1 ||     3
       Pizza             |       |       |       |       |     3 |       ||     3
       Royal jelly       |       |       |       |       |     2 |       ||     2
       Meat ration       |       |       |       |       |     1 |     4 ||     5
       Beef jerky        |       |       |       |       |     3 |     4 ||     7
